 Dungeon Crawl Stone Soup version 0.30.0-15-g856e2d3f33 (webtiles) character file.

Game seed: 4876629976003618191

72 NateTC the Trooper (level 4, 0/41 HPs)
             Began as a Draconian Fighter on May 20, 2023.
             Slain by a kobold brigand
             ... wielding a +0 short sword
              (7 damage)
             ... in a sewer.
             The game lasted 00:01:26 (1784 turns).

NateTC the Trooper (Draconian Fighter)              Turns: 1784, Time: 00:01:27

Health: 0/41       AC:  5    Str: 20    XL:     4   Next: 6%
Magic:  4/4        EV: 12    Int:  9    God:
Gold:   41         SH:  4    Dex: 10    Spells: 3/3 levels left

rFire   . . .        a - +0 war axe
rCold   . . .        b - +0 buckler
rNeg    . . .        (body armour unavailable)
rPois   .            (helmet restricted)
rElec   .            (no cloak)
rCorr   .            (no gloves)
SInv    .            (no boots)
Will    .....        (no amulet)
Stlth   +            (no ring)
HPRegen 0.26/turn    (no ring)
MPRegen 0.09/turn

%: no passive effects
@: mighty
A: AC +5, unfitting armour, cold-blooded
a: no special abilities


You were in a sewer.
You visited 1 branch of the dungeon, and saw 3 of its levels.
You also visited: Sewer.

You collected 41 gold pieces.

Inventory:

Hand Weapons
 a - a +0 war axe (weapon)
Armour
 b - a +0 buckler (worn)
Scrolls
 d - 3 scrolls of noise {unknown}
 f - a scroll of enchant weapon {unknown}
 h - a scroll of blinking {unknown}
Potions
 c - 2 potions of might
 e - a potion of brilliance {unknown}
 g - a potion of haste {unknown}
 i - a potion of magic {unknown}
 j - a potion of resistance {unknown}


   Skills:
 * Level 4.8 Fighting
 + Level 2.9 Axes
 - Level 2.6 Dodging
 - Level 3.0 Shields


You had 3 spell levels left.
You didn't know any spells.
Your spell library contained the following spells:

 Spells                   Type           Power      Damage    Failure   Level
 Inner Flame              Hex/Fire       0%         N/A       83%         3
 Yara's Violent Unravell  Hex/Tmut       0%         3d3       100%        5
 Enfeeble                 Hex            0%         N/A       100%        7


Dungeon Overview and Level Annotations

Branches:
Dungeon (3/15) Zot: 16485   Sewer (1/1) Zot: 5585

Altars:


Innate Abilities, Weirdness & Mutations

Your plain brown scales are hard. (AC +5)
You cannot fit into any form of body armour.
You are cold-blooded and may be slowed by cold attacks.


Message History

The poisoned dart hits you!
You are poisoned.
There are monsters nearby!
You enter the shallow water.
Moving in this stuff is going to be slow.
You feel sick. The endoplasm freezes you.
You are frozen.
You hit the endoplasm.
The endoplasm is severely wounded.
You feel sick. You block the endoplasm's attack.
You completely miss the endoplasm. You tail-slap the endoplasm.
You kill the endoplasm!
You barely miss the kobold brigand.
You feel sick. The kobold brigand barely misses you.
Your unstable footing causes you to fumble your attack.
You feel sick.
The kobold brigand hits you with a +0 short sword.
You hit the kobold brigand but do no damage.
You feel sick.
You are no longer poisoned.
The kobold brigand hits you with a +0 short sword!
You hit the kobold brigand.
The kobold brigand is lightly wounded.
The kobold brigand hits you with a +0 short sword!
The kobold brigand hits you with a +0 short sword.
You are too injured to fight recklessly!
The kobold brigand hits you with a +0 short sword.
* * * LOW HITPOINT WARNING * * *
You feel very mighty all of a sudden. The kobold brigand barely misses you.
You miss the kobold brigand.
The kobold brigand is lightly wounded.
The kobold brigand hits you with a +0 short sword.
* * * LOW HITPOINT WARNING * * *
You block the kobold brigand's attack.
You slash the kobold brigand!
The kobold brigand is severely wounded.
The kobold brigand hits you with a +0 short sword!
You die...

..~.~~# ~..~~~#
~...~~# .~~~~~##
.~~~~..## #####~~
~.##...~####~~~~~
~####.~~...~~# ~#
#..~~~.~~# #######
.~
##..~~..~###@K~~.#
#######~~..~#####
#####~~~~.#
#######


You could see a kobold brigand.

Vanquished Creatures
  A river rat (Sewer)
  8 worms
  7 ball pythons
  4 endoplasms
  A giant cockroach (D:2)
  4 hobgoblins (D:1)
  4 jackals (D:1)
  A quokka (D:3)
  A frilled lizard (D:1)
  2 goblins (D:1)
  2 kobolds
  4 rats
39 creatures vanquished.

Notes
Turn   | Place    | Note
-------+----------+-------------------------------------------
     0 | D:1      | NateTC the Draconian Fighter began the quest for the Orb.
     0 | D:1      | Reached XP level 1. HP: 19/19 MP: 1/1
   221 | D:1      | Reached XP level 2. HP: 26/27 MP: 2/2
   668 | D:1      | Reached skill level 4 in Fighting
   988 | D:2      | Found a faded altar of an unknown god.
  1246 | D:2      | Reached XP level 3. HP: 32/33 MP: 3/3
  1292 | D:2      | You fall into a shaft and drop 1 floor!
  1454 | D:3      | Found a glowing drain.
  1458 | Sewer    | Entered a sewer
  1712 | Sewer    | Reached XP level 4. HP: 32/41 MP: 4/4
  1772 | Sewer    | Noticed a kobold brigand
  1784 | Sewer    | Slain by a kobold brigand

Illustrated notes

Levels and vault maps discovered:
D:1:      roderic_dead_forest, layout_loops_ring, nicolae_figureground_sparkle
D:2:      layout_basic, shapermc_ecumenical_altar_flowoftime,
          nicolae_elevator_lobby_asterisk
D:3:      layout_rooms, nicolae_overflow_hidden_temple, serial_shops, shop,
          gup_sewer_entry_spiral
Sewer:    sewer_co_tree

Skill      XL: |  1  2 |
---------------+-------+-----
Fighting       | 4 |  4.8
Axes           | |  2.9
Dodging        | |  2.6
Shields        | |  3.0

Action                     |  1- 3 |  4- 6 || total
---------------------------+-------+-------++-------
  Melee: War axe           |   129 |     7 ||   136
         Tailslap          |    20 |     1 ||    21
    Use: Scroll            |     1 |       ||     1
         Potion            |       |     1 ||     1
   Stab: Sleeping          |     1 |       ||     1
 Armour: Skin              |    21 |       ||    21
  Dodge: Dodged            |    59 |     4 ||    63
  Block: Buckler           |    20 |     2 ||    22
